NULL
Full Scoreboard »»

Flames vs Golden Knights

Created - April 16, 2024 at 22:59

Goals
1 2 3 T
Flames 0 4 2 6
Golden Knights 0 2 1 3
Shots
1 2 3 T
Flames 4 12 19 35
Golden Knights 14 16 11 41

GoalsPenalties
1st period
No Goal
Cody Ceci (CGY) for Tripping (Minor) at 9:40
Brett Pesce (VGK) for Hooking (Minor) at 14:16
2nd period
1. Golden Knights , Joel Farabee 20 (Shane Pinto 22, Nick Blankenburg 14) at 10:09
2. Flames , Viktor Arvidsson 19 (Jake DeBrusk 16, Cale Makar 31) at 13:18
3. Golden Knights , Owen Power 2 (Ryan Leonard 33, Jared Spurgeon 26) at 14:52 (PP)
4. Flames , Walker Duehr 8 (Cale Makar 32, Colton Parayko 22) at 16:34
5. Flames , Claude Giroux 21 (Cale Makar 33) at 17:18
6. Flames , Cody Ceci 1 (Erik Johnson 14, Connor McDavid 43) at 19:42 (PP)
Colton Parayko (CGY) for Holding (Minor) at 4:19
Connor Clifton (CGY) for Holding (Minor) at 14:37
Mike Matheson (VGK) for Interference (Minor) at 19:08
3rd period
7. Golden Knights , Ryan Leonard 20 (Josh Morrissey 23, Tomas Hertl 43) at 6:54
8. Flames , Connor McDavid 24 (Cale Makar 34, Claude Giroux 36) at 7:34
9. Flames , Jonathan Drouin 12 (Elias Lindholm 30, Viktor Arvidsson 23) at 10:33 (PP)
Jake DeBrusk (CGY) for Hooking (Minor) at 2:05
Mike Matheson (VGK) for Fighting (Major) at 6:57
Colton Parayko (CGY) for Fighting (Major) at 6:57
Owen Power (VGK) for Hooking (Minor) at 8:45
Ryan Leonard (VGK) for Interference (Minor) at 12:02
Jonathon Merrill (CGY) for Slashing (Minor) at 15:51
Nick Blankenburg (VGK) for Tripping (Minor) at 18:10
Goalie Stats
Eric Comrie (CGY), 38 saves from 41 shots - (0.927), W, 1-1-0, 60:00 minutes
Anthony Stolarz (VGK), 18 saves from 20 shots - (0.900), 20:18 minutes
Sergei Bobrovsky (VGK), 11 saves from 15 shots - (0.733), L, 26-16-6, 39:42 minutes
3 StarsOfficial
1 - Cale Makar (CGY)
2 - Connor McDavid (CGY)
3 - Claude Giroux (CGY)
Referees : Unknown
Linesman : Unknown
Game Note
Anthony Stolarz enters game at 19:42 of 2nd period
Colton Parayko beats up Mike Matheson at 6:57 of 3rd period



Team Name Goals Shots Shots Attemp Shots Blocked PIM HIT PP PK FO%
Flames 63569815262 / 5 (40%)147%
Golden Knights 341801615311 / 5 (20%)253%

Flames
Player Name POS G A P +/- PIM HIT SHT SB MP PP MP PP SHT PK MP PK SHT FO% FOT GA TA
Andreas JohnssonLW/RW000-102006:440:0000:1800% 100
Cale MakarD0444001024:544:2314:0400% 012
Christian DvorakC/LW0000002012:560:0000:31075% 801
Claude GirouxC/RW1122026021:425:1833:58050% 220
Cody CeciD1010211120:563:4613:2000% 010
Colton ParaykoD0113710122:324:0303:1100% 012
Connor CliftonD000-1231015:030:2000:0000% 001
Connor McDavidC1122044121:445:1814:01057% 2820
Elias LindholmC/LW/RW0111026019:102:5143:43032% 2200
Erik JohnsonD0110011021:293:4614:0700% 002
Jake DeBruskLW/RW0111203020:265:1812:49133% 611
Jonathan DrouinC/LW/RW1012043114:532:5130:0000% 200
Jonathon MerrillD000-2210115:280:0001:4000% 001
Kyle TurrisC000-100026:130:0000:0000% 210
Phil KesselLW/RW0000022112:250:0000:0000% 010
Pierre-Edouard BellemareC/LW/RW000-102007:160:0001:020100% 100
Viktor ArvidssonLW/RW1121002015:272:5110:00033% 311
Walker DuehrRW1010013012:250:0000:000100% 200
Golden Knights
Player Name POS G A P +/- PIM HIT SHT SB MP PP MP PP SHT PK MP PK SHT FO% FOT GA TA
Alex DeBrincatC/LW/RW000-2012016:344:0500:20150% 220
Brett PesceD000-1246118:150:0004:0500% 002
Jared SpurgeonD011-1012424:574:0206:0010% 012
Joel FarabeeLW1011022216:340:0003:390100% 100
Josh AndersonRW000-1005116:344:0600:000100% 110
Josh MorrisseyD011-3041220:264:0901:1800% 020
Kieffer BellowsLW000002006:080:0000:0000% 110
Mark StoneLW/RW000-2001016:144:0500:000100% 110
Mike MathesonD000-2704121:254:0902:1600% 013
Nathan BastianRW000000106:080:0000:0000% 001
Nick BlankenburgD0112233215:480:0002:2300% 000
Owen PowerD1011211019:044:0210:1600% 000
Patrick BrownC0000032110:180:0004:10050% 800
Pius SuterC/RW0001032016:470:0004:1810% 011
Ryan LeonardC/LW/RW112-1224017:114:0600:12064% 2211
Shane PintoC0111011116:340:0003:39037% 2700
Taylor RaddyshLW/RW000-1012116:344:0610:0000% 001
Tomas HertlC/LW/RW011-2032016:144:0500:00064% 1400

Flames

5 vs 5 Forward
Line #Left WingCenterRight WingPHYDFOFWanted %Time %Time Play
1Jonathan DrouinConnor McDavidClaude Giroux1223028%12:26
2Viktor ArvidssonElias LindholmJake DeBrusk1223029%12:36
3Phil KesselChristian DvorakWalker Duehr1223028%12:25
4Andreas JohnssonKyle TurrisPierre-Edouard Bellemare1221014%6:13
5 vs 5 Defense
Line #DefenseDefensePHYDFOFWanted %Time %Time Play
1Cale MakarColton Parayko1223030%13:19
2Erik JohnsonCody Ceci1223031%13:36
3Connor CliftonJonathon Merrill1223031%13:37
4Cale MakarColton Parayko122107%3:08
Power Play Forward
Line #Left WingCenterRight WingPHYDFOFWanted %Time %Time Play
1Jake DeBruskConnor McDavidClaude Giroux1225065%5:18
2Viktor ArvidssonElias LindholmJonathan Drouin1225035%2:51
Power Play Defense
Line #DefenseDefensePHYDFOFWanted %Time %Time Play
1Cale MakarColton Parayko1225054%4:23
2Erik JohnsonCody Ceci1225046%3:46
Penalty Kill 4 Players Forward
Line #CenterWingPHYDFOFWanted %Time %Time Play
1Connor McDavidClaude Giroux1225050%4:07
2Jake DeBruskElias Lindholm1225050%4:04
Penalty Kill 4 Players Defense
Line #DefenseDefensePHYDFOFWanted %Time %Time Play
1Cale MakarColton Parayko1225050%4:04
2Erik JohnsonCody Ceci1225050%4:07
Penalty Kill 3 Players
Line #WingPHYDFOFWanted %Time %Time PlayDefenseDefensePHYDFOFWanted %Time %Time Play
1Connor McDavid122500%0:00 Cale MakarColton Parayko122500%0:00
2Claude Giroux122500%0:00 Erik JohnsonCody Ceci122500%0:00
4 vs 4 Forward
Line #CenterWingPHYDFOFWanted %Time %Time Play
1Connor McDavidClaude Giroux122500%0:00
2Jake DeBruskElias Lindholm122500%0:00
4 vs 4 Defense
Line #DefensePHYDFOFWanted %Time %Time Play
1Cale MakarColton Parayko122500%0:00
2Erik JohnsonCody Ceci122500%0:00
Last Minutes Offensive
Left WingCenterRight WingDefenseDefense
Jake DeBruskConnor McDavidClaude GirouxCale MakarColton Parayko
Last Minutes Defensive
Left WingCenterRight WingDefenseDefense
Jake DeBruskConnor McDavidClaude GirouxCale MakarColton Parayko
Time
Total ForwardTotal DefenseLast Minutes OffensiveLast Minutes Defensive
60:00 60:00 0:000:00
Extra Forwards
Normal PowerPlayPenalty Kill
Christian Dvorak, Phil Kessel, Pierre-Edouard BellemareChristian Dvorak, Phil KesselPierre-Edouard Bellemare
Extra Defensemen
Normal PowerPlayPenalty Kill
Connor Clifton, Jonathon Merrill, Erik JohnsonConnor Clifton, Jonathon MerrillErik Johnson
Penalty Shots
Connor McDavid, Claude Giroux, Jake DeBrusk, Elias Lindholm, Viktor Arvidsson
Goalie
Eric Comrie, Tomas Suchanek
Custom OT Lines Forwards
Connor McDavid, Claude Giroux, Jake DeBrusk, Elias Lindholm, Viktor Arvidsson, Jonathan Drouin, Christian Dvorak, Phil Kessel, Pierre-Edouard Bellemare, Kyle Turris
Custom OT Lines Defensemen
Cale Makar, Colton Parayko, Erik Johnson, Cody Ceci, Connor Clifton
Scratches
Luke Glendening (Healthy), Travis Dermott (Healthy), Jeremy Swayman (Healthy)

Golden Knights

5 vs 5 Forward
Line #Left WingCenterRight WingPHYDFOFWanted %Time %Time Play
1Mark StoneTomas HertlAlex DeBrincat1223029%12:35
2Taylor RaddyshRyan LeonardJosh Anderson1223029%12:28
3Joel FarabeeShane PintoPius Suter1223029%12:29
4Kieffer BellowsPatrick BrownNathan Bastian1221014%6:08
5 vs 5 Defense
Line #DefenseDefensePHYDFOFWanted %Time %Time Play
1Mike MathesonJosh Morrissey1223534%14:59
2Jared SpurgeonBrett Pesce1223536%15:37
3Owen PowerNick Blankenburg1223030%13:04
4Mike MathesonJosh Morrissey12200%0:00
Power Play Forward
Line #Left WingCenterRight WingPHYDFOFWanted %Time %Time Play
1Mark StoneTomas HertlAlex DeBrincat1225050%4:05
2Taylor RaddyshRyan LeonardJosh Anderson1225050%4:06
Power Play Defense
Line #DefenseDefensePHYDFOFWanted %Time %Time Play
1Mike MathesonJosh Morrissey1225051%4:09
2Jared SpurgeonOwen Power1225049%4:02
Penalty Kill 4 Players Forward
Line #CenterWingPHYDFOFWanted %Time %Time Play
1Shane PintoJoel Farabee1225045%3:39
2Patrick BrownPius Suter1225055%4:30
Penalty Kill 4 Players Defense
Line #DefenseDefensePHYDFOFWanted %Time %Time Play
1Jared SpurgeonBrett Pesce1225046%3:47
2Jared SpurgeonMike Matheson1225054%4:22
Penalty Kill 3 Players
Line #WingPHYDFOFWanted %Time %Time PlayDefenseDefensePHYDFOFWanted %Time %Time Play
1Tomas Hertl122500%0:00 Mike MathesonJosh Morrissey122500%0:00
2Mark Stone122500%0:00 Jared SpurgeonBrett Pesce122500%0:00
4 vs 4 Forward
Line #CenterWingPHYDFOFWanted %Time %Time Play
1Tomas HertlMark Stone122500%0:00
2Alex DeBrincatJosh Anderson122500%0:00
4 vs 4 Defense
Line #DefensePHYDFOFWanted %Time %Time Play
1Mike MathesonJosh Morrissey122500%0:00
2Jared SpurgeonBrett Pesce122500%0:00
Last Minutes Offensive
Left WingCenterRight WingDefenseDefense
Mark StoneTomas HertlAlex DeBrincatMike MathesonJosh Morrissey
Last Minutes Defensive
Left WingCenterRight WingDefenseDefense
Mark StoneTomas HertlAlex DeBrincatMike MathesonJosh Morrissey
Time
Total ForwardTotal DefenseLast Minutes OffensiveLast Minutes Defensive
60:00 60:00 0:000:00
Extra Forwards
Normal PowerPlayPenalty Kill
Shane Pinto, Joel Farabee, Pius SuterShane Pinto, Joel FarabeePius Suter
Extra Defensemen
Normal PowerPlayPenalty Kill
Owen Power, Nick Blankenburg, Jared SpurgeonOwen Power, Nick BlankenburgJared Spurgeon
Penalty Shots
Tomas Hertl, Mark Stone, Alex DeBrincat, Josh Anderson, Ryan Leonard
Goalie
Sergei Bobrovsky, Anthony Stolarz
Custom OT Lines Forwards
Tomas Hertl, Mark Stone, Alex DeBrincat, Josh Anderson, Ryan Leonard, Shane Pinto, Taylor Raddysh, Joel Farabee, Pius Suter, Nathan Bastian
Custom OT Lines Defensemen
Mike Matheson, Josh Morrissey, Jared Spurgeon, Brett Pesce, Owen Power
Scratches
Aku Raty (Healthy), Mikko Koskinen (Healthy)


Play-by-Play

1st period


0:01 of 1st period - Connor McDavid wins face-off versus Tomas Hertl in neutral zone.
0:04 of 1st period - Mark Stone is hit by Jonathan Drouin and loses puck.
0:15 of 1st period - Wrist shot by Claude Giroux.
0:15 of 1st period - Stopped by Sergei Bobrovsky with a rebound.
0:25 of 1st period - Cale Makar is hit by Josh Morrissey and loses puck.
1:01 of 1st period - Icing by Cody Ceci.
1:02 of 1st period - Patrick Brown wins face-off versus Andreas Johnsson in Flames zone.
1:05 of 1st period - Slapshot by Brett Pesce.
1:05 of 1st period - Deflect By Patrick Brown.
1:05 of 1st period - Stopped by Eric Comrie without a rebound.
1:06 of 1st period - Patrick Brown wins face-off versus Kyle Turris in Flames zone.
1:09 of 1st period - Slapshot by Brett Pesce.
1:09 of 1st period - Shot Misses the Net.
1:11 of 1st period - Wrist shot by Brett Pesce.
1:11 of 1st period - Stopped by Eric Comrie with a rebound.
1:13 of 1st period - Backhand shot by Brett Pesce.
1:13 of 1st period - Stopped by Eric Comrie with a rebound.
1:15 of 1st period - Slapshot by Brett Pesce.
1:15 of 1st period - Stopped by Eric Comrie without a rebound.
1:16 of 1st period - Ryan Leonard wins face-off versus Connor McDavid in Flames zone.
1:27 of 1st period - Wrist shot by Josh Anderson.
1:27 of 1st period - Stopped by Eric Comrie with a rebound.
2:04 of 1st period - Cale Makar is hit by Tomas Hertl and loses puck.
2:23 of 1st period - Slapshot by Nick Blankenburg.
2:23 of 1st period - Shot Misses the Net.
2:25 of 1st period - Snap shot by Nathan Bastian.
2:25 of 1st period - Stopped by Eric Comrie with a rebound.
2:27 of 1st period - Slapshot by Nick Blankenburg.
2:27 of 1st period - Stopped by Eric Comrie with a rebound.
2:29 of 1st period - Slapshot by Owen Power.
2:29 of 1st period - Shot Blocked by Kyle Turris.
3:04 of 1st period - Icing by Brett Pesce.
3:05 of 1st period - Tomas Hertl wins face-off versus Elias Lindholm in Golden Knights zone.
3:05 of 1st period - Tomas Hertl is hit by Cody Ceci.
4:37 of 1st period - Wrist shot by Alex DeBrincat.
4:37 of 1st period - Shot Misses the Net.
4:39 of 1st period - Snap shot by Brett Pesce.
4:39 of 1st period - Stopped by Eric Comrie with a rebound.
4:41 of 1st period - Slapshot by Jared Spurgeon.
4:41 of 1st period - Stopped by Eric Comrie without a rebound.
4:42 of 1st period - Christian Dvorak wins face-off versus Shane Pinto in Flames zone.
4:47 of 1st period - Pius Suter is hit by Walker Duehr and loses puck.
5:38 of 1st period - Snap shot by Patrick Brown.
5:38 of 1st period - Shot Misses the Net.
5:40 of 1st period - Wrist shot by Nathan Bastian.
5:40 of 1st period - Shot Misses the Net.
7:48 of 1st period - Christian Dvorak is hit by Alex DeBrincat and loses puck.
8:13 of 1st period - Cale Makar is hit by Patrick Brown and loses puck.
8:24 of 1st period - Ryan Leonard is hit by Andreas Johnsson and loses puck.
8:50 of 1st period - Connor Clifton is hit by Pius Suter and loses puck.
9:05 of 1st period - Kyle Turris is hit by Brett Pesce.
9:15 of 1st period - Christian Dvorak is hit by Patrick Brown and loses puck.
9:40 of 1st period - Minor Penalty to Cody Ceci for Tripping.
9:41 of 1st period - Alex DeBrincat wins face-off versus Jake DeBrusk in Flames zone.
10:17 of 1st period - Snap shot by Taylor Raddysh.
10:17 of 1st period - Stopped by Eric Comrie without a rebound.
10:18 of 1st period - Jake DeBrusk wins face-off versus Ryan Leonard in Flames zone.
10:18 of 1st period - Jake DeBrusk is hit by Ryan Leonard.
10:32 of 1st period - Snap shot by Josh Anderson.
10:32 of 1st period - Deflect By Ryan Leonard.
10:32 of 1st period - Shot Misses the Net.
10:32 of 1st period - Puck is out of play.
10:33 of 1st period - Tomas Hertl wins face-off versus Connor McDavid in Flames zone.
10:48 of 1st period - Snap shot by Tomas Hertl.
10:48 of 1st period - Shot Misses the Net.
11:10 of 1st period - Snap shot by Jake DeBrusk.
11:10 of 1st period - Stopped by Sergei Bobrovsky without a rebound.
11:11 of 1st period - Connor McDavid wins face-off versus Alex DeBrincat in Golden Knights zone.
11:40 of 1st period - Penalty to Cody Ceci is over, Cody Ceci is back on ice.
11:49 of 1st period - Snap shot by Ryan Leonard.
11:49 of 1st period - Stopped by Eric Comrie with a rebound.
12:23 of 1st period - Patrick Brown is hit by Connor Clifton and loses puck.
13:43 of 1st period - Icing by Joel Farabee.
13:44 of 1st period - Shane Pinto wins face-off versus Claude Giroux in Golden Knights zone.
13:51 of 1st period - Wrist shot by Ryan Leonard.
13:51 of 1st period - Shot Misses the Net.
13:53 of 1st period - Slapshot by Josh Anderson.
13:53 of 1st period - Shot Misses the Net.
13:55 of 1st period - Backhand shot by Mike Matheson.
13:55 of 1st period - Stopped by Eric Comrie with a rebound.
14:16 of 1st period - Minor Penalty to Brett Pesce for Hooking.
14:17 of 1st period - Claude Giroux wins face-off versus Shane Pinto in Golden Knights zone.
15:07 of 1st period - Joel Farabee is hit by Claude Giroux and loses puck.
15:57 of 1st period - Wrist shot by Claude Giroux.
15:57 of 1st period - Stopped by Sergei Bobrovsky with a rebound.
16:07 of 1st period - Cale Makar is hit by Ryan Leonard and loses puck.
16:12 of 1st period - Snap shot by Alex DeBrincat.
16:12 of 1st period - Stopped by Eric Comrie without a rebound.
16:13 of 1st period - Patrick Brown wins face-off versus Elias Lindholm in Flames zone.
16:16 of 1st period - Penalty to Brett Pesce is over, Brett Pesce is back on ice.
16:46 of 1st period - Mark Stone is hit by Phil Kessel and loses puck.
17:08 of 1st period - Jonathon Merrill is hit by Owen Power and loses puck.
18:00 of 1st period - Connor Clifton is hit by Shane Pinto and loses puck.
18:13 of 1st period - Snap shot by Phil Kessel.
18:13 of 1st period - Stopped by Sergei Bobrovsky without a rebound.
18:14 of 1st period - Ryan Leonard wins face-off versus Kyle Turris in Golden Knights zone.
18:29 of 1st period - Wrist shot by Andreas Johnsson.
18:29 of 1st period - Shot Blocked by Taylor Raddysh.
18:39 of 1st period - Erik Johnson is hit by Brett Pesce and loses puck.
19:36 of 1st period - Slapshot by Josh Morrissey.
19:36 of 1st period - Stopped by Eric Comrie without a rebound.
19:37 of 1st period - Connor McDavid wins face-off versus Shane Pinto in Flames zone.
19:47 of 1st period - Icing by Josh Morrissey.
19:48 of 1st period - Shane Pinto wins face-off versus Connor McDavid in Golden Knights zone.
19:52 of 1st period - Icing by Shane Pinto.
19:53 of 1st period - Connor McDavid wins face-off versus Shane Pinto in Golden Knights zone.
Goals for this period are 0 for Flames vs 0 for Golden Knights.
Shots for this period are 4 for Flames vs 14 for Golden Knights.

2nd period


0:01 of 2nd period - Ryan Leonard wins face-off versus Connor McDavid in neutral zone.
0:37 of 2nd period - Wrist shot by Tomas Hertl.
0:37 of 2nd period - Shot Misses the Net.
2:01 of 2nd period - Wrist shot by Jake DeBrusk.
2:01 of 2nd period - Stopped by Sergei Bobrovsky with a rebound.
2:40 of 2nd period - Off-side.
2:41 of 2nd period - Shane Pinto wins face-off versus Connor McDavid in neutral zone.
3:09 of 2nd period - Snap shot by Phil Kessel.
3:09 of 2nd period - Shot Misses the Net.
3:11 of 2nd period - Slapshot by Cody Ceci.
3:11 of 2nd period - Shot Misses the Net.
3:13 of 2nd period - Snap shot by Walker Duehr.
3:13 of 2nd period - Shot Blocked by Joel Farabee.
3:19 of 2nd period - Wrist shot by Phil Kessel.
3:19 of 2nd period - Shot Misses the Net.
3:21 of 2nd period - Slapshot by Cody Ceci.
3:21 of 2nd period - Shot Blocked by Shane Pinto.
3:37 of 2nd period - Wrist shot by Kyle Turris.
3:37 of 2nd period - Shot Misses the Net.
3:39 of 2nd period - Slapshot by Connor Clifton.
3:39 of 2nd period - Deflect By Kyle Turris.
3:39 of 2nd period - Shot Blocked by Joel Farabee.
3:39 of 2nd period - Puck is out of play.
3:40 of 2nd period - Ryan Leonard wins face-off versus Viktor Arvidsson in Golden Knights zone.
3:40 of 2nd period - Jared Spurgeon is hit by Elias Lindholm and loses puck.
3:55 of 2nd period - Wrist shot by Taylor Raddysh.
3:55 of 2nd period - Shot Misses the Net.
4:05 of 2nd period - Viktor Arvidsson is hit by Brett Pesce and loses puck.
4:19 of 2nd period - Minor Penalty to Colton Parayko for Holding.
4:20 of 2nd period - Connor McDavid wins face-off versus Ryan Leonard in Flames zone.
4:29 of 2nd period - Snap shot by Connor McDavid.
4:29 of 2nd period - Shot Misses the Net.
6:19 of 2nd period - Penalty to Colton Parayko is over, Colton Parayko is back on ice.
6:44 of 2nd period - Kieffer Bellows is hit by Andreas Johnsson and loses puck.
7:15 of 2nd period - Slapshot by Cale Makar.
7:15 of 2nd period - Deflect By Claude Giroux.
7:15 of 2nd period - Shot Misses the Net.
7:15 of 2nd period - Puck is out of play.
7:16 of 2nd period - Connor McDavid wins face-off versus Shane Pinto in Golden Knights zone.
8:26 of 2nd period - Icing by Patrick Brown.
8:27 of 2nd period - Connor McDavid wins face-off versus Patrick Brown in Golden Knights zone.
8:28 of 2nd period - Wrist shot by Claude Giroux.
8:28 of 2nd period - Stopped by Sergei Bobrovsky with a rebound.
8:45 of 2nd period - Wrist shot by Brett Pesce.
8:45 of 2nd period - Stopped by Eric Comrie without a rebound.
8:46 of 2nd period - Ryan Leonard wins face-off versus Elias Lindholm in Flames zone.
8:51 of 2nd period - Wrist shot by Taylor Raddysh.
8:51 of 2nd period - Stopped by Eric Comrie with a rebound.
9:01 of 2nd period - Wrist shot by Ryan Leonard.
9:01 of 2nd period - Stopped by Eric Comrie with a rebound.
9:21 of 2nd period - Snap shot by Mark Stone.
9:21 of 2nd period - Stopped by Eric Comrie with a rebound.
9:23 of 2nd period - Slapshot by Jared Spurgeon.
9:23 of 2nd period - Shot Misses the Net.
9:35 of 2nd period - Phil Kessel is hit by Patrick Brown and loses puck.
9:46 of 2nd period - Kieffer Bellows is hit by Jonathon Merrill and loses puck.
10:07 of 2nd period - Snap shot by Shane Pinto.
10:07 of 2nd period - Shot Misses the Net.
10:09 of 2nd period - Wrist shot by Joel Farabee.
10:09 of 2nd period - Goal by Joel Farabee - Flames : 0 - Golden Knights : 1.
10:10 of 2nd period - Ryan Leonard wins face-off versus Jonathan Drouin in neutral zone.
10:12 of 2nd period - Off-side.
10:13 of 2nd period - Connor McDavid wins face-off versus Ryan Leonard in neutral zone.
10:13 of 2nd period - Cale Makar is hit by Taylor Raddysh and loses puck.
10:22 of 2nd period - Snap shot by Josh Anderson.
10:22 of 2nd period - Deflect By Claude Giroux.
10:22 of 2nd period - Stopped by Eric Comrie with a rebound.
10:24 of 2nd period - Snap shot by Mike Matheson.
10:24 of 2nd period - Deflect By Ryan Leonard.
10:24 of 2nd period - Deflect By Cale Makar.
10:24 of 2nd period - Shot Misses the Net.
10:24 of 2nd period - Puck is out of play.
10:25 of 2nd period - Tomas Hertl wins face-off versus Elias Lindholm in Flames zone.
11:06 of 2nd period - Snap shot by Tomas Hertl.
11:06 of 2nd period - Stopped by Eric Comrie with a rebound.
11:48 of 2nd period - Snap shot by Shane Pinto.
11:48 of 2nd period - Shot Blocked by Kyle Turris.
11:50 of 2nd period - Snap shot by Pius Suter.
11:50 of 2nd period - Stopped by Eric Comrie without a rebound.
11:51 of 2nd period - Ryan Leonard wins face-off versus Elias Lindholm in Flames zone.
11:52 of 2nd period - Wrist shot by Jared Spurgeon.
11:52 of 2nd period - Shot Misses the Net.
12:16 of 2nd period - Jared Spurgeon is hit by Jonathan Drouin and loses puck.
12:45 of 2nd period - Snap shot by Patrick Brown.
12:45 of 2nd period - Deflect By Nathan Bastian.
12:45 of 2nd period - Shot Hit the Post.
12:45 of 2nd period - Puck is out of play.
12:46 of 2nd period - Ryan Leonard wins face-off versus Elias Lindholm in Flames zone.
12:51 of 2nd period - Snap shot by Josh Anderson.
12:51 of 2nd period - Stopped by Eric Comrie with a rebound.
12:53 of 2nd period - Slapshot by Nick Blankenburg.
12:53 of 2nd period - Shot Misses the Net.
13:08 of 2nd period - Icing by Viktor Arvidsson.
13:09 of 2nd period - Tomas Hertl wins face-off versus Elias Lindholm in Flames zone.
13:10 of 2nd period - Wrist shot by Mark Stone.
13:10 of 2nd period - Shot Misses the Net.
13:16 of 2nd period - Snap shot by Jake DeBrusk.
13:16 of 2nd period - Shot Blocked by Josh Morrissey.
13:18 of 2nd period - Slapshot by Viktor Arvidsson.
13:18 of 2nd period - Goal by Viktor Arvidsson - Flames : 1 - Golden Knights : 1.
13:19 of 2nd period - Connor McDavid wins face-off versus Tomas Hertl in neutral zone.
13:22 of 2nd period - Jared Spurgeon is hit by Connor McDavid and loses puck.
13:51 of 2nd period - Snap shot by Elias Lindholm.
13:51 of 2nd period - Stopped by Sergei Bobrovsky with a rebound.
14:15 of 2nd period - Wrist shot by Shane Pinto.
14:15 of 2nd period - Stopped by Eric Comrie without a rebound.
14:16 of 2nd period - Connor McDavid wins face-off versus Shane Pinto in Flames zone.
14:20 of 2nd period - Claude Giroux is hit by Nick Blankenburg and loses puck.
14:27 of 2nd period - Owen Power is hit by Connor Clifton.
14:37 of 2nd period - Minor Penalty to Connor Clifton for Holding.
14:38 of 2nd period - Ryan Leonard wins face-off versus Jake DeBrusk in Flames zone.
14:52 of 2nd period - Snap shot by Owen Power.
14:52 of 2nd period - Goal by Owen Power - Flames : 1 - Golden Knights : 2.
14:53 of 2nd period - Christian Dvorak wins face-off versus Tomas Hertl in neutral zone.
15:06 of 2nd period - Snap shot by Christian Dvorak.
15:06 of 2nd period - Stopped by Sergei Bobrovsky without a rebound.
15:07 of 2nd period - Ryan Leonard wins face-off versus Connor McDavid in Golden Knights zone.
15:11 of 2nd period - Off-side.
15:12 of 2nd period - Connor McDavid wins face-off versus Ryan Leonard in neutral zone.
15:25 of 2nd period - Brett Pesce is hit by Connor McDavid and loses puck.
15:38 of 2nd period - Colton Parayko is hit by Tomas Hertl and loses puck.
15:49 of 2nd period - Snap shot by Alex DeBrincat.
15:49 of 2nd period - Shot Misses the Net.
16:12 of 2nd period - Icing by Phil Kessel.
16:13 of 2nd period - Christian Dvorak wins face-off versus Ryan Leonard in Flames zone.
16:24 of 2nd period - Snap shot by Josh Anderson.
16:24 of 2nd period - Stopped by Eric Comrie with a rebound.
16:32 of 2nd period - Slapshot by Cale Makar.
16:32 of 2nd period - Shot Misses the Net.
16:34 of 2nd period - Snap shot by Walker Duehr.
16:34 of 2nd period - Goal by Walker Duehr - Flames : 2 - Golden Knights : 2.
16:35 of 2nd period - Tomas Hertl wins face-off versus Connor McDavid in neutral zone.
16:46 of 2nd period - Wrist shot by Tomas Hertl.
16:46 of 2nd period - Stopped by Eric Comrie without a rebound.
16:47 of 2nd period - Shane Pinto wins face-off versus Elias Lindholm in Flames zone.
16:50 of 2nd period - Slapshot by Mike Matheson.
16:50 of 2nd period - Stopped by Eric Comrie with a rebound.
16:52 of 2nd period - Wrist shot by Shane Pinto.
16:52 of 2nd period - Shot Misses the Net.
17:18 of 2nd period - Wrist shot by Claude Giroux.
17:18 of 2nd period - Goal by Claude Giroux - Flames : 3 - Golden Knights : 2.
17:19 of 2nd period - Tomas Hertl wins face-off versus Connor McDavid in neutral zone.
17:34 of 2nd period - Wrist shot by Connor McDavid.
17:34 of 2nd period - Stopped by Sergei Bobrovsky with a rebound.
17:53 of 2nd period - Slapshot by Jared Spurgeon.
17:53 of 2nd period - Deflect By Taylor Raddysh.
17:53 of 2nd period - Shot Misses the Net.
17:53 of 2nd period - Puck is out of play.
17:54 of 2nd period - Christian Dvorak wins face-off versus Shane Pinto in Flames zone.
18:01 of 2nd period - Backhand shot by Phil Kessel.
18:01 of 2nd period - Shot Blocked by Mike Matheson.
18:03 of 2nd period - Slapshot by Phil Kessel.
18:03 of 2nd period - Stopped by Sergei Bobrovsky without a rebound.
18:04 of 2nd period - Walker Duehr wins face-off versus Shane Pinto in Golden Knights zone.
18:04 of 2nd period - Cale Makar is hit by Josh Morrissey and loses puck.
18:09 of 2nd period - Wrist shot by Walker Duehr.
18:09 of 2nd period - Stopped by Sergei Bobrovsky without a rebound.
18:10 of 2nd period - Ryan Leonard wins face-off versus Elias Lindholm in Golden Knights zone.
18:14 of 2nd period - Off-side.
18:15 of 2nd period - Ryan Leonard wins face-off versus Jake DeBrusk in neutral zone.
18:44 of 2nd period - Mike Matheson is hit by Jonathan Drouin and loses puck.
19:08 of 2nd period - Minor Penalty to Mike Matheson for Interference.
19:09 of 2nd period - Joel Farabee wins face-off versus Viktor Arvidsson in Golden Knights zone.
19:16 of 2nd period - Off-side.
19:17 of 2nd period - Patrick Brown wins face-off versus Elias Lindholm in neutral zone.
19:24 of 2nd period - Jonathan Drouin is hit by Pius Suter and loses puck.
19:31 of 2nd period - Snap shot by Jared Spurgeon.
19:31 of 2nd period - Stopped by Eric Comrie with a rebound.
19:33 of 2nd period - Backhand shot by Patrick Brown.
19:33 of 2nd period - Deflect By Pius Suter.
19:33 of 2nd period - Stopped by Eric Comrie without a rebound.
19:34 of 2nd period - Connor McDavid wins face-off versus Shane Pinto in Flames zone.
19:34 of 2nd period - Connor McDavid is hit by Joel Farabee.
19:40 of 2nd period - Slapshot by Erik Johnson.
19:40 of 2nd period - Shot Misses the Net.
19:42 of 2nd period - Slapshot by Cody Ceci.
19:42 of 2nd period - Goal by Cody Ceci - Flames : 4 - Golden Knights : 2.
19:42 of 2nd period - Anthony Stolarz enters game.
19:43 of 2nd period - Elias Lindholm wins face-off versus Shane Pinto in neutral zone.
19:50 of 2nd period - Snap shot by Elias Lindholm.
19:50 of 2nd period - Stopped by Anthony Stolarz with a rebound.
19:55 of 2nd period - Jared Spurgeon is hit by Colton Parayko and loses puck.
19:58 of 2nd period - Slapshot by Brett Pesce.
19:58 of 2nd period - Shot Misses the Net.
Goals for this period are 4 for Flames vs 2 for Golden Knights.
Shots for this period are 12 for Flames vs 16 for Golden Knights.

3rd period


0:01 of 3rd period - Tomas Hertl wins face-off versus Connor McDavid in neutral zone.
0:29 of 3rd period - Off-side.
0:30 of 3rd period - Christian Dvorak wins face-off versus Ryan Leonard in neutral zone.
0:41 of 3rd period - Backhand shot by Christian Dvorak.
0:41 of 3rd period - Shot Blocked by Josh Anderson.
0:43 of 3rd period - Snap shot by Walker Duehr.
0:43 of 3rd period - Stopped by Anthony Stolarz without a rebound.
0:44 of 3rd period - Elias Lindholm wins face-off versus Shane Pinto in Golden Knights zone.
1:15 of 3rd period - Slapshot by Claude Giroux.
1:15 of 3rd period - Shot Blocked by Jared Spurgeon.
1:17 of 3rd period - Slapshot by Cale Makar.
1:17 of 3rd period - Shot Misses the Net.
1:43 of 3rd period - Wrist shot by Christian Dvorak.
1:43 of 3rd period - Stopped by Anthony Stolarz without a rebound.
1:44 of 3rd period - Elias Lindholm wins face-off versus Shane Pinto in Golden Knights zone.
1:49 of 3rd period - Wrist shot by Jake DeBrusk.
1:49 of 3rd period - Shot Misses the Net.
2:05 of 3rd period - Minor Penalty to Jake DeBrusk for Hooking.
2:06 of 3rd period - Pierre-Edouard Bellemare wins face-off versus Tomas Hertl in Flames zone.
2:33 of 3rd period - Taylor Raddysh is hit by Elias Lindholm and loses puck.
2:40 of 3rd period - Slapshot by Jared Spurgeon.
2:40 of 3rd period - Shot Misses the Net.
2:42 of 3rd period - Snap shot by Taylor Raddysh.
2:42 of 3rd period - Shot Blocked by Cody Ceci.
3:02 of 3rd period - Slapshot by Cody Ceci.
3:02 of 3rd period - Shot Misses the Net.
4:05 of 3rd period - Penalty to Jake DeBrusk is over, Jake DeBrusk is back on ice.
4:13 of 3rd period - Jonathon Merrill is hit by Pius Suter and loses puck.
4:33 of 3rd period - Nick Blankenburg is hit by Pierre-Edouard Bellemare and loses puck.
4:44 of 3rd period - Kyle Turris is hit by Kieffer Bellows and loses puck.
4:55 of 3rd period - Connor Clifton is hit by Josh Morrissey and loses puck.
5:14 of 3rd period - Shane Pinto is hit by Pierre-Edouard Bellemare and loses puck.
5:21 of 3rd period - Snap shot by Andreas Johnsson.
5:21 of 3rd period - Shot Misses the Net.
5:31 of 3rd period - Pierre-Edouard Bellemare is hit by Joel Farabee.
5:39 of 3rd period - Icing by Nick Blankenburg.
5:40 of 3rd period - Shane Pinto wins face-off versus Connor McDavid in Golden Knights zone.
5:40 of 3rd period - Shane Pinto is hit by Erik Johnson.
5:48 of 3rd period - Claude Giroux is hit by Nick Blankenburg and loses puck.
5:57 of 3rd period - Cody Ceci is hit by Nick Blankenburg and loses puck.
6:08 of 3rd period - Snap shot by Joel Farabee.
6:08 of 3rd period - Shot Blocked by Connor McDavid.
6:10 of 3rd period - Wrist shot by Joel Farabee.
6:10 of 3rd period - Stopped by Eric Comrie with a rebound.
6:14 of 3rd period - Snap shot by Josh Morrissey.
6:14 of 3rd period - Deflect By Shane Pinto.
6:14 of 3rd period - Shot Misses the Net.
6:14 of 3rd period - Puck is out of play.
6:15 of 3rd period - Tomas Hertl wins face-off versus Elias Lindholm in Flames zone.
6:24 of 3rd period - Wrist shot by Alex DeBrincat.
6:24 of 3rd period - Stopped by Eric Comrie with a rebound.
6:54 of 3rd period - Slapshot by Ryan Leonard.
6:54 of 3rd period - Goal by Ryan Leonard - Flames : 4 - Golden Knights : 3.
6:55 of 3rd period - Josh Anderson wins face-off versus Christian Dvorak in neutral zone.
6:57 of 3rd period - Colton Parayko beats up Mike Matheson.
6:57 of 3rd period - Penalty to Mike Matheson for Fighting.
6:57 of 3rd period - Penalty to Colton Parayko for Fighting.
6:58 of 3rd period - Ryan Leonard wins face-off versus Jake DeBrusk in Flames zone.
7:03 of 3rd period - Slapshot by Ryan Leonard.
7:03 of 3rd period - Shot Misses the Net.
7:23 of 3rd period - Taylor Raddysh is hit by Connor Clifton and loses puck.
7:30 of 3rd period - Slapshot by Connor McDavid.
7:30 of 3rd period - Shot Blocked by Josh Morrissey.
7:32 of 3rd period - Wrist shot by Connor McDavid.
7:32 of 3rd period - Stopped by Anthony Stolarz with a rebound.
7:34 of 3rd period - Slapshot by Cale Makar.
7:34 of 3rd period - Deflect By Connor McDavid.
7:34 of 3rd period - Goal by Connor McDavid - Flames : 5 - Golden Knights : 3.
7:35 of 3rd period - Mark Stone wins face-off versus Christian Dvorak in neutral zone.
7:46 of 3rd period - Phil Kessel is hit by Brett Pesce and loses puck.
7:55 of 3rd period - Tomas Hertl is hit by Phil Kessel and loses puck.
8:06 of 3rd period - Elias Lindholm is hit by Jared Spurgeon and loses puck.
8:28 of 3rd period - Off-side.
8:29 of 3rd period - Connor McDavid wins face-off versus Shane Pinto in neutral zone.
8:45 of 3rd period - Minor Penalty to Owen Power for Hooking.
8:46 of 3rd period - Shane Pinto wins face-off versus Jonathan Drouin in Golden Knights zone.
8:46 of 3rd period - Shane Pinto is hit by Jonathan Drouin.
8:59 of 3rd period - Wrist shot by Jonathan Drouin.
8:59 of 3rd period - Shot Blocked by Nick Blankenburg.
10:19 of 3rd period - Slapshot by Cale Makar.
10:19 of 3rd period - Stopped by Anthony Stolarz without a rebound.
10:20 of 3rd period - Elias Lindholm wins face-off versus Shane Pinto in Golden Knights zone.
10:23 of 3rd period - Wrist shot by Elias Lindholm.
10:23 of 3rd period - Stopped by Anthony Stolarz without a rebound.
10:24 of 3rd period - Shane Pinto wins face-off versus Elias Lindholm in Golden Knights zone.
10:33 of 3rd period - Snap shot by Elias Lindholm.
10:33 of 3rd period - Deflect By Jonathan Drouin.
10:33 of 3rd period - Goal by Jonathan Drouin - Flames : 6 - Golden Knights : 3.
10:34 of 3rd period - Christian Dvorak wins face-off versus Tomas Hertl in neutral zone.
10:34 of 3rd period - Cale Makar is hit by Tomas Hertl and loses puck.
10:45 of 3rd period - Snap shot by Mark Stone.
10:45 of 3rd period - Shot Misses the Net.
10:47 of 3rd period - Slapshot by Owen Power.
10:47 of 3rd period - Shot Blocked by Phil Kessel.
11:03 of 3rd period - Icing by Ryan Leonard.
11:04 of 3rd period - Elias Lindholm wins face-off versus Ryan Leonard in Golden Knights zone.
11:19 of 3rd period - Slapshot by Ryan Leonard.
11:19 of 3rd period - Shot Misses the Net.
11:21 of 3rd period - Snap shot by Ryan Leonard.
11:21 of 3rd period - Stopped by Eric Comrie without a rebound.
11:22 of 3rd period - Tomas Hertl wins face-off versus Connor McDavid in Flames zone.
12:02 of 3rd period - Minor Penalty to Ryan Leonard for Interference.
12:03 of 3rd period - Viktor Arvidsson wins face-off versus Shane Pinto in Golden Knights zone.
12:04 of 3rd period - Snap shot by Elias Lindholm.
12:04 of 3rd period - Stopped by Anthony Stolarz with a rebound.
12:06 of 3rd period - Wrist shot by Jonathan Drouin.
12:06 of 3rd period - Stopped by Anthony Stolarz with a rebound.
12:08 of 3rd period - Slapshot by Elias Lindholm.
12:08 of 3rd period - Shot Blocked by Jared Spurgeon.
12:10 of 3rd period - Slapshot by Erik Johnson.
12:10 of 3rd period - Stopped by Anthony Stolarz with a rebound.
12:12 of 3rd period - Snap shot by Elias Lindholm.
12:12 of 3rd period - Shot Blocked by Jared Spurgeon.
12:14 of 3rd period - Wrist shot by Jonathan Drouin.
12:14 of 3rd period - Shot Blocked by Brett Pesce.
12:16 of 3rd period - Slapshot by Elias Lindholm.
12:16 of 3rd period - Stopped by Anthony Stolarz with a rebound.
12:18 of 3rd period - Wrist shot by Elias Lindholm.
12:18 of 3rd period - Deflect By Viktor Arvidsson.
12:18 of 3rd period - Shot Misses the Net.
12:18 of 3rd period - Puck is out of play.
12:19 of 3rd period - Connor McDavid wins face-off versus Patrick Brown in Golden Knights zone.
12:20 of 3rd period - Slapshot by Claude Giroux.
12:20 of 3rd period - Shot Misses the Net.
12:22 of 3rd period - Wrist shot by Connor McDavid.
12:22 of 3rd period - Stopped by Anthony Stolarz with a rebound.
12:24 of 3rd period - Slapshot by Cale Makar.
12:24 of 3rd period - Shot Hit the Post.
12:26 of 3rd period - Snap shot by Jake DeBrusk.
12:26 of 3rd period - Stopped by Anthony Stolarz with a rebound.
12:28 of 3rd period - Wrist shot by Cale Makar.
12:28 of 3rd period - Deflect By Claude Giroux.
12:28 of 3rd period - Shot Blocked by Jared Spurgeon.
12:28 of 3rd period - Puck is out of play.
12:29 of 3rd period - Connor McDavid wins face-off versus Patrick Brown in Golden Knights zone.
12:34 of 3rd period - Wrist shot by Claude Giroux.
12:34 of 3rd period - Shot Blocked by Patrick Brown.
12:36 of 3rd period - Slapshot by Colton Parayko.
12:36 of 3rd period - Shot Misses the Net.
12:45 of 3rd period - Wrist shot by Connor McDavid.
12:45 of 3rd period - Deflect By Claude Giroux.
12:45 of 3rd period - Stopped by Anthony Stolarz with a rebound.
12:47 of 3rd period - Wrist shot by Claude Giroux.
12:47 of 3rd period - Stopped by Anthony Stolarz with a rebound.
12:49 of 3rd period - Wrist shot by Connor McDavid.
12:49 of 3rd period - Shot Misses the Net.
13:31 of 3rd period - Wrist shot by Claude Giroux.
13:31 of 3rd period - Deflect By Connor McDavid.
13:31 of 3rd period - Shot Misses the Net.
13:31 of 3rd period - Puck is out of play.
13:32 of 3rd period - Elias Lindholm wins face-off versus Shane Pinto in Golden Knights zone.
13:33 of 3rd period - Snap shot by Viktor Arvidsson.
13:33 of 3rd period - Deflect By Mike Matheson.
13:33 of 3rd period - Shot Blocked by Nick Blankenburg.
13:33 of 3rd period - Puck is out of play.
13:34 of 3rd period - Shane Pinto wins face-off versus Elias Lindholm in Golden Knights zone.
13:47 of 3rd period - Wrist shot by Jonathan Drouin.
13:47 of 3rd period - Stopped by Anthony Stolarz with a rebound.
13:49 of 3rd period - Snap shot by Viktor Arvidsson.
13:49 of 3rd period - Deflect By Elias Lindholm.
13:49 of 3rd period - Stopped by Anthony Stolarz without a rebound.
13:50 of 3rd period - Shane Pinto wins face-off versus Elias Lindholm in Golden Knights zone.
14:02 of 3rd period - Penalty to Ryan Leonard is over, Ryan Leonard is back on ice.
14:19 of 3rd period - Slapshot by Jared Spurgeon.
14:19 of 3rd period - Shot Blocked by Colton Parayko.
14:55 of 3rd period - Snap shot by Patrick Brown.
14:55 of 3rd period - Stopped by Eric Comrie without a rebound.
14:56 of 3rd period - Jake DeBrusk wins face-off versus Kieffer Bellows in Flames zone.
14:56 of 3rd period - Jake DeBrusk is hit by Kieffer Bellows.
15:06 of 3rd period - Slapshot by Nick Blankenburg.
15:06 of 3rd period - Stopped by Eric Comrie with a rebound.
15:08 of 3rd period - Snap shot by Patrick Brown.
15:08 of 3rd period - Shot Hit the Post.
15:10 of 3rd period - Slapshot by Nick Blankenburg.
15:10 of 3rd period - Stopped by Eric Comrie with a rebound.
15:29 of 3rd period - Wrist shot by Alex DeBrincat.
15:29 of 3rd period - Deflect By Mark Stone.
15:29 of 3rd period - Shot Misses the Net.
15:29 of 3rd period - Puck is out of play.
15:30 of 3rd period - Ryan Leonard wins face-off versus Connor McDavid in Flames zone.
15:33 of 3rd period - Wrist shot by Ryan Leonard.
15:33 of 3rd period - Shot Misses the Net.
15:35 of 3rd period - Slapshot by Mike Matheson.
15:35 of 3rd period - Stopped by Eric Comrie with a rebound.
15:37 of 3rd period - Slapshot by Josh Morrissey.
15:37 of 3rd period - Shot Blocked by Jonathan Drouin.
15:39 of 3rd period - Slapshot by Mike Matheson.
15:39 of 3rd period - Stopped by Eric Comrie with a rebound.
15:41 of 3rd period - Snap shot by Josh Anderson.
15:41 of 3rd period - Shot Misses the Net.
15:43 of 3rd period - Snap shot by Josh Anderson.
15:43 of 3rd period - Stopped by Eric Comrie with a rebound.
15:45 of 3rd period - Slapshot by Josh Morrissey.
15:45 of 3rd period - Shot Blocked by Jonathon Merrill.
15:51 of 3rd period - Minor Penalty to Jonathon Merrill for Slashing.
15:52 of 3rd period - Connor McDavid wins face-off versus Ryan Leonard in Flames zone.
17:49 of 3rd period - Claude Giroux is hit by Josh Morrissey and loses puck.
17:51 of 3rd period - Penalty to Jonathon Merrill is over, Jonathon Merrill is back on ice.
18:02 of 3rd period - Slapshot by Brett Pesce.
18:02 of 3rd period - Stopped by Eric Comrie without a rebound.
18:03 of 3rd period - Walker Duehr wins face-off versus Patrick Brown in Flames zone.
18:08 of 3rd period - Slapshot by Connor Clifton.
18:08 of 3rd period - Stopped by Anthony Stolarz with a rebound.
18:10 of 3rd period - Minor Penalty to Nick Blankenburg for Tripping.
18:11 of 3rd period - Elias Lindholm wins face-off versus Shane Pinto in Golden Knights zone.
18:12 of 3rd period - Snap shot by Viktor Arvidsson.
18:12 of 3rd period - Stopped by Anthony Stolarz without a rebound.
18:13 of 3rd period - Shane Pinto wins face-off versus Elias Lindholm in Golden Knights zone.
18:38 of 3rd period - Mike Matheson is hit by Connor McDavid and loses puck.
18:54 of 3rd period - Shane Pinto is hit by Claude Giroux and loses puck.
19:29 of 3rd period - Mike Matheson is hit by Connor McDavid.
Goals for this period are 2 for Flames vs 1 for Golden Knights.
Shots for this period are 19 for Flames vs 11 for Golden Knights.